 Dungeon Crawl Stone Soup version 0.31-a0-198-g2ad674f65e (webtiles) character file.

Game seed: 543747755751398191

6 qw the Shooter (level 1, 0/12 HPs)
             Began as a Deep Elf Hunter on June 25, 2023.
             Succumbed to their own poison gas
             ... on level 1 of the Dungeon.
             The game lasted 00:00:10 (897 turns).

qw the Shooter (Deep Elf Hunter)                     Turns: 897, Time: 00:00:10

Health: 0/12       AC:  7    Str:  8    XL:     1   Next: 75%
Magic:  3/3        EV: 10    Int: 13    God:
Gold:   20         SH:  0    Dex: 18    Spells: 0/0 levels left

rFire   . . .        Y - +0 shortbow
rCold   . . .        (shield currently unavailable)
rNeg    . . .        e - +0 ring mail
rPois   .            f - +2 hat
rElec   .            m - scarf {repulsion}
rCorr   .            (no gloves)
SInv    .            (no boots)
Will    .....        (no amulet)
Stlth   +            (no ring)
HPRegen 0.22/turn    (no ring)
MPRegen 0.08/turn

%: repel missiles
@: lethally poisoned (0 -> -17)
A: no striking features
a: no special abilities


You were on level 1 of the Dungeon.
You visited 1 branch of the dungeon, and saw 1 of its levels.

You collected 20 gold pieces.


   Skills:
 - Level 1.5 Fighting
 + Level 5.8 Ranged Weapons
 - Level 2.4 Dodging
 - Level 1.2 Stealth


You couldn't memorise any spells.
You didn't know any spells.
Your spell library was empty.

Inventory:

Hand Weapons
 Y - a +0 shortbow (weapon)
Armour
 e - a +0 ring mail (worn)
 f - a +2 hat (worn)
 m - a scarf of repulsion (worn)
Scrolls
 a - a scroll of identify
Potions
 g - a potion of curing
 j - a potion of degeneration {unknown}
 k - a potion of resistance {unknown}

Dungeon Overview and Level Annotations

Branches:
Dungeon (1/15)

Altars:


Message History

Done exploring.
793 ||| READING scroll labelled WYMIUF PUGYOL.
As you read the scroll labelled WYMIUF PUGYOL, it crumbles to dust.
A profound silence engulfs you.
It was a scroll of silence.
You start waiting.
Your hearing returns.
Done waiting.
Done exploring.
894 ||| READING scroll labelled ITITAKH NOISI.
The air fills with toxic fumes!
As you read the scroll labelled ITITAKH NOISI, it crumbles to dust.
It was a scroll of poison.
Done exploring.
895 ||| DRINKING 2 yellow potions.
It was a potion of curing.
You feel better.
Done exploring.
896 ||| DROPPING scroll of butterflies.
You drop a scroll of butterflies.
Done exploring.
(D) Dungeon
Where to? (* - list waypoints, ? - help)
What level of the Dungeon? (default 1, ? - help) Sorry, I don't know how to get there.
Enter note:
Enter note:
Enter note:
Enter note:
Enter note:
Enter note:
Enter note:
Enter note:
Enter note:
Enter note:
Enter note:
Enter note:
Enter note:
Enter note:
Enter note: Really walk into that cloud of poison gas?
You are engulfed in poison gas.
You are lethally poisoned!
Ouch! That really hurt!
You die...

#.# #.# #...
#####.# #.# #...
#¤¤...# #.####...
#¤##### #....'...
#¤# #######... #¤#
##......... #¤#
#.......... #¤#
#.......### #@#
#.......#
####?######.......#
#¤¤¤¤¤¤¤¤¤¤¤......#
##¤¤¤¤¤#¤########.#
#¤¤¤¤¤¤¤# #.###
##¤¤¤¤¤## #.##.
##¤¤¤## #.### #####
#.... #####


There were no monsters in sight!

Vanquished Creatures
  A hobgoblin (D:1)
  2 jackals (D:1)
  2 bats (D:1)
  A frilled lizard (D:1)
6 creatures vanquished.

Notes
Turn   | Place    | Note
-------+----------+-------------------------------------------
     0 | D:1      | qw the Deep Elf Hunter began the quest for the Orb.
     0 | D:1      | Reached XP level 1. HP: 12/12 MP: 3/3
     0 | D:1      | 0 ||| qw: Version: 0.3-a-22-g0ed2b0b
     0 | D:1      | 0 ||| qw: Game counter: 5118
     0 | D:1      | 0 ||| qw: Melee chars always use a shield: true
     0 | D:1      | 0 ||| qw: God list: Okawaru
     0 | D:1      | 0 ||| qw: Allow faded altars: false
     0 | D:1      | 0 ||| qw: Do Orc after clearing Dungeon:15 true
     0 | D:1      | 0 ||| qw: Do second Lair branch before Depths: true
     0 | D:1      | 0 ||| qw: Lair rune preference: random
     0 | D:1      | 0 ||| qw: Goals: Normal
     0 | D:1      | 0 ||| PLANNING D:1-11
   770 | D:1      | 770 ||| UPGRADING to +0 ring mail.
   780 | D:1      | 780 ||| DROPPING +0 leather armour.
   781 | D:1      | 781 ||| UPGRADING to +2 hat.
   786 | D:1      | 786 ||| UPGRADING to scarf of repulsion.
   791 | D:1      | 791 ||| DROPPING amulet of magic regeneration.
   792 | D:1      | 792 ||| READING 2 scrolls labelled DUOMAKANOQE.
   793 | D:1      | 793 ||| READING scroll labelled WYMIUF PUGYOL.
   894 | D:1      | 894 ||| READING scroll labelled ITITAKH NOISI.
   895 | D:1      | 895 ||| DRINKING 2 yellow potions.
   896 | D:1      | 896 ||| DROPPING scroll of butterflies.
   897 | D:1      | Succumbed to their own poison gas

Levels and vault maps discovered:
D:1:      dpeg_arrival_castle, layout_basic, chequers_serial_rivers_micro_e

Action                     || total
---------------------------++-------
   Fire: Shortbow          ||    15
    Use: Scroll            ||     3
         Potion            ||     1
 Armour: Leather armour    ||     1
  Dodge: Dodged            ||     7

Table legend:
 A = Non-vault XP
 B = Vault XP
 C = Vault XP percentage of total XP
 D = Non-vault monster count
 E = Vault monster count
 F = Vault count percentage of total count
                 A         B        C        D         E       F
            +---------+---------+-------+---------+---------+-------
      Total |       9 |       0 |   0.0 |       6 |       0 |   0.0
            +---------+---------+-------+---------+---------+-------
        D:1 |       9 |       0 |   0.0 |       6 |       0 |   0.0
            +---------+---------+-------+---------+---------+-------
